 Dungeon Crawl Stone Soup version 0.29-a0-222-g5b244fca1f (webtiles) character file.

Game seed: 9643777675059475248

8106 horus123 the Thaumaturge (level 10, -6/69 HPs)
             Began as a Demigod Conjurer on Feb 28, 2022.
             Mangled by a wraith (12 damage)
             ... on level 9 of the Dungeon.
             The game lasted 00:35:12 (11337 turns).

horus123 the Thaumaturge (Demigod Conjurer)        Turns: 11337, Time: 00:35:14

Health: -6/69      AC:  7    Str:  8    XL:     10   Next: 77%
Magic:  7/29       EV: 12    Int: 32    God:
Gold:   499        SH:  0    Dex: 12    Spells: 13/31 levels left

rFire   . . .      SeeInvis .   i - +1 dagger
rCold   . . .      Faith    .   (no shield)
rNeg    . . .      Spirit   .   f - +2 robe {Will+}
rPois   .          Reflect  .   (no helmet)
rElec   .          Harm     .   p - +2 cloak
rCorr   .          Rampage  .   (no gloves)
Will    ++...                   (no boots)
Stlth   ++........              (no amulet)
HPRegen 0.21/turn               k - ring of wizardry
MPRegen 0.21/turn               v - ring of wizardry

@: slowed, very slow
A: high MP 1, forlorn, divine attributes
a: no special abilities


You were on level 9 of the Dungeon.
You visited 2 branches of the dungeon, and saw 10 of its levels.
You also visited: Bailey.

You collected 499 gold pieces.

Inventory:

Hand Weapons
 i - a +1 dagger (weapon)
Missiles
 t - 6 throwing nets
Armour
 f - a +2 robe of willpower (worn)
 p - a +2 cloak (worn)
Jewellery
 k - a ring of wizardry (left hand)
 v - a ring of wizardry (right hand)
 w - a ring of ice
Wands
 j - a wand of digging (4)
 l - a wand of paralysis (7)
Scrolls
 a - a scroll of fog
 c - a scroll of teleportation
 d - a scroll of blinking
 g - 3 scrolls of magic mapping
 h - 2 scrolls of immolation
 s - 2 scrolls of holy word
 y - 3 scrolls of enchant weapon
 z - 3 scrolls of enchant armour
 C - 5 scrolls of summoning
 D - 2 scrolls of identify
Potions
 b - 3 potions of brilliance
 e - 2 potions of mutation
 m - a potion of flight
 n - a potion of lignification
 o - 2 potions of invisibility
 q - 3 potions of curing
 r - a potion of heal wounds
 u - 3 potions of magic
 x - a potion of attraction {unknown}
 A - a potion of experience {unknown}
 B - 3 potions of haste {unknown}


   Skills:
 - Level 1.7 Dodging
 - Level 1.7 Stealth
 - Level 11.0 Spellcasting
 - Level 7.3 Conjurations
 - Level 6.1 Summonings
 - Level 5.1 Air Magic
 + Level 1.0 Earth Magic


You had 13 spell levels left.
You knew the following spells:

 Your Spells              Type           Power      Damage    Failure   Level
a - Magic Dart            Conj           100%       1d8       1%          1
b - Searing Ray           Conj           100%       2d8       1%          2
c - Fulminant Prism       Conj/Hex       20%        3d13      1%          4
d - Summon Lightning Spi  Summ/Air       52%        N/A       1%          4
e - Call Canine Familiar  Summ           55%        N/A       1%          3
f - Shock                 Conj/Air       100%       1d9       1%          1
g - Stone Arrow           Conj/Erth      88%        3d12      1%          3

Your spell library contained the following spells:

 Spells                   Type           Power      Damage    Failure   Level
 Sandblast                Erth           48%        2d12      1%          1
 Passwall                 Tmut/Erth      17%        N/A       1%          2
 Dazzling Flash           Conj/Hex       82%        N/A       1%          3
 Swiftness                Air            50%        N/A       1%          3
 Airstrike                Air            25%        N/A       1%          4
 Iskenderun's Mystic Bla  Conj/Tloc      41%        2d9       1%          4
 Portal Projectile        Hex/Tloc       34%        N/A       2%          3
 Leda's Liquefaction      Hex/Erth       10%        N/A       6%          4
 Passage of Golubria      Tloc           17%        N/A       7%          4
 Silence                  Hex/Air        17%        N/A       7%          5
 Storm Form               Tmut/Air       17%        N/A       87%         7
 Lehudib's Crystal Spear  Conj/Erth      22%        10d6      99%         8
 Maxwell's Capacitive Co  Air            25%        ∞         99%         8


Dungeon Overview and Level Annotations

Branches:
Dungeon (9/15)             Temple (1/1) D:7            Lair (0/6) D:8
 Bailey (visited)
    Orc: D:9-12

Shops:
D:5 [

Annotations:
D:5 3 runed translucent doors, spaghetti's ghost, weakling DsDe


Innate Abilities, Weirdness & Mutations

You have an increased reservoir of magic. (+10% MP)
You shall have no god before yourself.
Your divine heritage dramatically boosts your attributes as you level up.


Message History

The orc warrior misses you.
The killer bee moves out of view.
Found a rapier.
You feel very sick.
A killer bee comes into view.
The killer bee stings you.
* * * LOW HITPOINT WARNING * * *
The killer bee stings you.
* * * LOW HITPOINT WARNING * * *
You are lethally poisoned!
The killer bee poisons you!
The shadow slips into darkness.
The shadow flickers and vanishes!
Deactivating autopickup; reactivate with Ctrl-A.
The wraith hits you.
* * * LOW HITPOINT WARNING * * *
The wraith drains your vigour!
You feel as though you will be slow longer.
The wraith closely misses you.
The killer bee moves out of view.
Unknown command.
Unknown command.
You feel much better.
You feel very sick. The killer bee misses you.
The killer bee completely misses you. The orc warrior barely misses you.
The wraith barely misses you. The killer bee closely misses you.
The wraith hits you but does no damage.
The orc warrior hits you from afar with a +0 glaive!
* * * LOW HITPOINT WARNING * * *
You feel better. The killer bee barely misses you.
The killer bee stings you but does no damage.
The killer bee barely misses you. The wraith barely misses you.
The wraith hits you!
* * * LOW HITPOINT WARNING * * *
The wraith drains your vigour!
You feel as though you will be slow longer.
The killer bee barely misses you. The killer bee stings you.
* * * LOW HITPOINT WARNING * * *
The orc warrior hits you from afar with a +0 glaive!
* * * LOW HITPOINT WARNING * * *
The wraith closely misses you. The wraith hits you!
You die...

.# .. ##.#### ... ......
...# #.... ..... ....
......##..####.)
................ .....
#y@.# #....# .....#yWW#
#....## .
...#Yo{####..... ... #
#.#Y{cY.......#.... .
..#.#.YYY............. ..
.................#####...
.##.##....####..8#c[.#...
# ###..)#####.g'{$)#...
..........W.8#???#...


You could see 6 yaks, 2 wraiths, an orc warrior, a centaur and 2 killer bees.

Vanquished Creatures
  Pikel (D:4)
  3 orc knights (Bailey)
  The ghost of BobtheApe the Archer, a novice SpHu (D:4)
  A wyvern (D:8)
  Eustachio (D:4)
  A steam dragon (D:9)
  A water moccasin (D:8)
  Duvessa (D:7)
  An ice beast (D:6)
  7 orc warriors
  A necrophage (D:5)
  3 ogres
  5 centaurs
  2 lemures (D:5)
  4 phantoms
  4 kobold brigands
  2 bullfrogs (D:8)
  2 scorpions
  A howler monkey (D:8)
  4 gnoll shamans
  4 orc priests
  A jelly (D:6)
  4 iguanas
  5 orc wizards
  15 gnolls
  12 adders
  2 dart slugs
  35 orcs
  8 ball pythons
  4 bats
  7 endoplasms
  4 giant cockroaches
  2 hobgoblins
  7 jackals
  21 kobolds
  2 quokkas (D:2)
  4 frilled lizards
  6 goblins
  5 rats
194 creatures vanquished.

Vanquished Creatures (collateral kills)
  Harold (D:7)
  An orc knight (Bailey)
  Edmund (D:6)
  An ice beast (D:7)
  3 orc warriors (Bailey)
  2 ogres (D:7)
  A kobold brigand (D:8)
  A scorpion (D:6)
  2 gnoll sergeants
  Dowan (D:7)
  A howler monkey (D:8)
  A jelly (D:7)
  A gnoll shaman (D:8)
  An orc wizard (D:9)
  10 gnolls
  An ufetubus (D:7)
  13 orcs
  A hobgoblin (D:8)
  3 kobolds (D:8)
46 creatures vanquished.

Vanquished Creatures (others)
  16 fulminant prisms
  4 plants (D:7)
20 creatures vanquished.

Grand Total: 260 creatures vanquished

Notes
Turn   | Place    | Note
-------+----------+-------------------------------------------
     0 | D:1      | horus123 the Demigod Conjurer began the quest for the Orb.
     0 | D:1      | Reached XP level 1. HP: 14/14 MP: 5/5
    81 | D:1      | Reached skill level 2 in Spellcasting
   218 | D:1      | Got Plato's Guide on Attacks
   308 | D:1      | Reached XP level 2. HP: 20/20 MP: 4/8
   726 | D:1      | You fall into a shaft and drop 1 floor!
   790 | D:1      | Learned a level 2 spell: Searing Ray
  1202 | D:2      | Reached skill level 3 in Spellcasting
  1232 | D:2      | Reached XP level 3. HP: 26/26 MP: 2/10
  2051 | D:3      | Reached XP level 4. HP: 33/33 MP: 7/12
  2054 | D:3      | Reached skill level 4 in Spellcasting
  2795 | D:4      | Found a runed translucent door.
  2798 | D:4      | Noticed BobtheApe's ghost (novice SpHu)
  2801 | D:4      | Noticed a phantom
  2806 | D:4      | Killed a phantom
  2807 | D:4      | Reached skill level 5 in Spellcasting
  2807 | D:4      | Reached XP level 5. HP: 38/38 MP: 8/15
  2859 | D:4      | Learned a level 4 spell: Fulminant Prism
  2864 | D:4      | Learned a level 4 spell: Summon Lightning Spire
  2992 | D:4      | Noticed an ogre
  2999 | D:4      | Killed an ogre
  3000 | D:4      | Reached XP level 6. HP: 22/45 MP: 7/17
  3321 | D:4      | Noticed Eustachio
  3327 | D:4      | Killed Eustachio
  3886 | D:5      | Entered Level 5 of the Dungeon
  3886 | D:5      | Found Wussotz's Antique Armour Shop.
  4281 | D:5      | Reached XP level 7. HP: 50/50 MP: 12/18
  4352 | D:5      | Reached skill level 5 in Air Magic
  4523 | D:5      | Reached skill level 1 in Summonings
  4745 | D:5      | Found a runed translucent gate.
  4746 | D:5      | Found a runed translucent gate.
  4748 | D:5      | Found a runed translucent gate.
  4749 | D:5      | Noticed spaghetti's ghost (weakling DsDe)
  4812 | D:5      | Identified the +5 ring mail of Yveu {rF+ Str+4 Int+4}
  4817 | D:5      | Learned a level 3 spell: Call Canine Familiar
  4908 | D:5      | Learned a level 1 spell: Shock
  4974 | D:5      | Noticed Pikel
  5059 | D:4      | Killed Pikel
  5060 | D:4      | Reached XP level 8. HP: 31/57 MP: 0/19
  5252 | D:4      | Killed BobtheApe's ghost
  5531 | D:5      | Reached skill level 5 in Conjurations
  6009 | D:6      | Noticed Edmund
  6075 | D:6      | Killed Edmund
  6450 | D:6      | Reached skill level 6 in Spellcasting
  6668 | D:6      | Reached XP level 9. HP: 39/62 MP: 12/22
  6815 | D:6      | Identified the +9 mace of the Enemy {freeze, *Corrode rC+
                  | Str+3}
  7464 | D:7      | Reached skill level 7 in Spellcasting
  7648 | D:7      | Found a staircase to the Ecumenical Temple.
  7682 | D:7      | Noticed Harold
  7698 | D:7      | Killed Harold
  7699 | D:7      | Reached skill level 8 in Spellcasting
  7723 | Temple   | Entered the Ecumenical Temple
  8210 | D:7      | Learned a level 3 spell: Stone Arrow
  8215 | D:7      | Learned a level 4 spell: Airstrike
  8252 | D:7      | Noticed Duvessa
  8256 | D:7      | Noticed Dowan
  8259 | D:7      | Killed Duvessa
  8259 | D:7      | Killed Dowan
  9268 | D:8      | Reached XP level 10. HP: 38/69 MP: 6/26
  9665 | D:8      | Found a staircase to the Lair.
  9802 | D:8      | Found a flagged portal.
  9813 | Bailey   | Entered a bailey
  9824 | Bailey   | Reached skill level 9 in Spellcasting
 10196 | Bailey   | Noticed an orc knight
 10196 | Bailey   | Noticed an orc knight
 10196 | Bailey   | Noticed an orc knight
 10232 | Bailey   | Killed an orc knight
 10233 | Bailey   | Killed an orc knight
 10234 | Bailey   | Reached skill level 10 in Spellcasting
 10244 | Bailey   | Killed an orc knight
 10532 | Bailey   | Noticed an orc knight
 10541 | Bailey   | Killed an orc knight
 10806 | D:8      | Reached skill level 11 in Spellcasting
 11296 | D:9      | Found a runed translucent door.
 11322 | D:9      | Reached skill level 1 in Earth Magic
 11337 | D:9      | Mangled by a wraith

Illustrated notes

Levels and vault maps discovered:
D:1:      mrwooster_arrival_statue_3, layout_rooms,
          shapermc_ecumenical_altar_rom_forum
D:2:      layout_basic
D:3:      layout_basic
D:4:      layout_gridville, okawaru_ov_weapons_minmay, ebering_ghost_sewer_d,
          uniq_eustachio
D:5:      layout_basic, biasface_ghost_orc_armoury, serial_shops,
          nicolae_lakefront_shop, uniq_pikel
D:6:      layout_basic, ashenzari_altar_1, uniq_edmund
D:7:      kennysheep_seaside_town, layout_rooms, grunt_temple_overflow_open,
          minmay_temple_entry_glass, uniq_duvessa, uniq_harold
D:8:      layout_rooms, dpeg_oklobed_lair, enter_bailey_4
D:9:      layout_basic, minmay_st_funbox, grunt_decor_resistance
Temple:   mainiacjoe_temple_coin_purse

Skill      XL: |  1  2  3  4  5  6  7  8  9 10 |
---------------+-------------------------------+-----
Spellcasting   | 2 3 5 6 8 11 | 11.0
Air Magic      | 2 4 5 |  5.1
Summonings     | 6 |  6.1
Conjurations   | 5 7 |  7.3
Earth Magic    | 1 |  1.0
Dodging        | |  1.7
Stealth        | |  1.7

Action                   |  1- 3 |  4- 6 |  7- 9 | 10-12 || total
-------------------------+-------+-------+-------+-------++-------
Melee: Unarmed           |       |     3 |       |       ||     3
       Dagger            |       |       |       |     4 ||     4
 Cast: Magic Dart        |    81 |    69 |    16 |       ||   166
       Searing Ray       |     1 |    12 |    49 |     3 ||    65
       Summon Lightning  |       |       |    18 |    14 ||    32
       Shock             |       |       |   109 |    61 ||   170
       Call Canine Famil |       |       |     5 |     3 ||     8
       Fulminant Prism   |       |       |     1 |    15 ||    16
       Stone Arrow       |       |       |       |    15 ||    15
  Use: Scroll            |     6 |     3 |     9 |     2 ||    20
       Potion            |       |       |     2 |     3 ||     5
Armor: Robe              |     1 |     5 |    21 |    16 ||    43
Dodge: Dodged            |     2 |    13 |    62 |    51 ||   128

Table legend: (Time is in decaauts)
 A = Elapsed time spent in this place.
 B = Non-inter-level travel time spent in this place.
 C = Inter-level travel time spent in this place.
 D = Time resting spent in this place.
 E = Time spent auto-exploring this place.
 F = Levels seen in this place.
 G = Mean time per level.
                   A        B        C        D        E       F      G
               +--------+--------+--------+--------+--------+-----+--------+
         Total |  11356 |  10968 |    388 |   3448 |   5651 |  11 | 1032.4 |
       Dungeon |  10327 |   9944 |    383 |   2847 |   5461 |   9 | 1147.4 |
        Temple |    240 |    235 |      5 |    228 |      1 |   1 |  240.0 |
        Bailey |    787 |    787 |      0 |    373 |    189 |   1 |  787.0 |
               +--------+--------+--------+--------+--------+-----+--------+

Top non-repeatable levels by time:
     D:4: 1667 daAuts
     D:7: 1551 daAuts
     D:6: 1532 daAuts
     D:5: 1530 daAuts
     D:8: 1219 daAuts
     D:3: 1026 daAuts
     D:2: 903 daAuts
     D:1: 854 daAuts
  Bailey: 787 daAuts
  Temple: 240 daAuts
     D:9: 42 daAuts
